 Seeded DCSS version 0.27-a0-1191-g601b473118 (webtiles) character file.

Game seed: 1801985361935138449 (custom seed)

32 flotson the Covert (level 3, -1/35 HPs)
             Began as a Gnoll Delver on May 25, 2021.
             Was an Initiate of Okawaru.
             Slain by an orc
             ... wielding a +0 falchion
              (2 damage)
             ... on level 5 of the Dungeon.
             The game lasted 00:02:05 (303 turns).

flotson the Covert (Gnoll Delver)                    Turns: 303, Time: 00:02:05

Health: -1/35      AC:  3    Str: 12    XL:     3   Next: 25%
Magic:  4/4        EV: 13    Int:  9    God:    Okawaru [......]
Gold:   40         SH:  0    Dex: 13    Spells: 3/3 levels left

rFire    . . .     SeeInvis .   a - +0 spear
rCold    . . .     Faith    .   (no shield)
rNeg     . . .     Spirit   .   b - +0 leather armour
rPois    .         Reflect  .   (no helmet)
rElec    .         Harm     .   (no cloak)
rCorr    .         Rampage  .   (no gloves)
Will     .....                  (no boots)
Stlth    ++++......             e - amulet of magic regeneration
HPRegen  0.11/turn              (no ring)
MPRegen  0.34/turn              (no ring)

@: no status effects
A: fangs 1, strong nose, distributed training
a: Renounce Religion


You were on level 5 of the Dungeon.
You worshipped Okawaru.
Okawaru was noncommittal.
You visited 2 branches of the dungeon, and saw 2 of its levels.

You collected 40 gold pieces.

Inventory:

Hand Weapons
 a - a +0 spear (weapon)
Missiles
 c - 2 curare-tipped darts (quivered)
 d - 5 atropa-tipped darts
Armour
 b - a +0 leather armour (worn)
Jewellery
 e - an amulet of magic regeneration (around neck)
Wands
 g - a wand of digging (3)
Potions
 f - a potion of haste


   Skills:
 + Level 6.5 Fighting
 + Level 0.7 Short Blades
 + Level 0.7 Long Blades
 + Level 0.7 Axes
 + Level 0.7 Maces & Flails
 + Level 4.5 Polearms
 + Level 0.7 Staves
 + Level 0.7 Slings
 + Level 0.7 Bows
 + Level 0.7 Crossbows
 + Level 0.7 Throwing
 + Level 0.7 Armour
 + Level 4.5 Dodging
 + Level 9.5 Stealth
 + Level 0.7 Shields
 + Level 0.7 Unarmed Combat
 + Level 0.7 Spellcasting
 + Level 0.5 Conjurations
 + Level 0.5 Hexes
 + Level 0.5 Summonings
 + Level 0.5 Necromancy
 + Level 0.5 Translocations
 + Level 0.5 Transmutations
 + Level 0.5 Fire Magic
 + Level 0.5 Ice Magic
 + Level 0.5 Air Magic
 + Level 0.5 Earth Magic
 + Level 0.5 Poison Magic
 + Level 0.9 Invocations
 + Level 0.7 Evocations


You had 3 spell levels left.
You didn't know any spells.
Your spell library was empty.

Dungeon Overview and Level Annotations

Branches:
Dungeon (5/15)             Temple (1/1) D:5

Altars:
Ashenzari
Dithmenos
Fedhas
Gozag
Hepliaklqana
Kikubaaqudgha
Nemelex Xobeh
Okawaru
Qazlal
Sif Muna
Trog
Xom
Yredelemnul


Innate Abilities, Weirdness & Mutations

You have very sharp teeth.
Your uncanny sense of smell can sniff out nearby items.
Your experience applies equally to all skills.


Message History

You closely miss the orc wizard.
The orc wizard is almost dead.
The orc wizard hits you but does no damage.
You barely miss the orc wizard.
The orc wizard is almost dead.
The orc wizard barely misses you.
You hit the orc wizard.
You kill the orc wizard!
Okawaru accepts your kill.
You have reached level 3!
Your experience leads to an increase in your attributes!
Increase (S)trength, (I)ntelligence, or (D)exterity?
You feel stronger.
There is an open door here.
The orc priest mumbles some strange prayers to Beogh against you.
Beogh smites you!
Found a stone staircase leading down.
The orc priest mumbles some strange prayers to Beogh against you.
Beogh smites you!
* * * LOW HITPOINT WARNING * * *
Found 4 curare-tipped darts.
You see here 4 curare-tipped darts.
c - 4 curare-tipped darts The orc priest invokes the aid of Beogh against you.
Beogh smites you!
* * * LOW HITPOINT WARNING * * *
The orc closely misses you.
Throw: 4 darts (curare)
Press: ? - help, Q - select action, (/) - cycle Shift-Dir - straight line, f - orc
Aim: an orc, wielding a +0 falchion (60% to hit)
You throw a curare-tipped dart.
The curare-tipped dart closely misses the orc.
The orc closely misses you.
Throw: 3 darts (curare)
Press: ? - help, Q - select action, (/) - cycle Shift-Dir - straight line, f/p - orc
Aim: an orc, wielding a +0 falchion (60% to hit)
You throw a curare-tipped dart.
The curare-tipped dart barely misses the orc.
The orc hits you with a +0 falchion.
You die...

************** *,,,,,,,,,,,,*
*,##########,* *,#..o.....#,*
*,#.######.#,* *,#.#<,,,#.#.*
*,#.#,,,,#.#.#
*#####+#.#.####.#.#
#........#...@o(#.#
#.......o########.# ####
#.................#########...
*.............................
*.............................
*.....>.....o................#
*###'#########.⌠8..########...
#.# #.......# #... #§#
#####.>.⌠8..# #...


You could see an orc.

Vanquished Creatures
  An orc wizard (D:5)
  2 dart slugs (D:5)
  An orc (D:5)
4 creatures vanquished.

Notes
Turn   | Place    | Note
-------+----------+-------------------------------------------
     0 | D:5      | Reached skill level 9 in Stealth
     0 | D:5      | flotson the Gnoll Delver began the quest for the Orb.
     0 | D:5      | Reached XP level 1. HP: 23/23 MP: 1/1
    38 | D:5      | Reached XP level 2. HP: 19/29 MP: 2/2
    38 | D:5      | Noticed a steam dragon
   179 | D:5      | Found a staircase to the Ecumenical Temple.
   189 | Temple   | Entered the Ecumenical Temple
   196 | Temple   | Became a worshipper of Warmaster Okawaru
   264 | D:5      | Reached XP level 3. HP: 27/35 MP: 2/4
   295 | D:5      | HP: 1/35 [orc priest/divine providence (11)]
   303 | D:5      | Slain by an orc

Illustrated notes

Levels and vault maps discovered:
D:5:      kennysheep_slugbush, layout_basic,
          minmay_temple_entry_drinking_statues, uniq_crazy_yiuf_cottage
Temple:   dpeg_three_leaves_temple

Skill      XL: | |
---------------+-+-----
Stealth        | |  9.5
Fighting       | |  6.5
Short Blades   | |  0.7
Long Blades    | |  0.7
Axes           | |  0.7
Maces & Flails | |  0.7
Polearms       | |  4.5
Staves         | |  0.7
Slings         | |  0.7
Bows           | |  0.7
Crossbows      | |  0.7
Throwing       | |  0.7
Armour         | |  0.7
Dodging        | |  4.5
Shields        | |  0.7
Unarmed Combat | |  0.7
Spellcasting   | |  0.7
Conjurations   | |  0.5
Hexes          | |  0.5
Summonings     | |  0.5
Necromancy     | |  0.5
Translocations | |  0.5
Transmutations | |  0.5
Fire Magic     | |  0.5
Ice Magic      | |  0.5
Air Magic      | |  0.5
Earth Magic    | |  0.5
Poison Magic   | |  0.5
Invocations    | |  0.9
Evocations     | |  0.7

Action                   || total
-------------------------++-------
Melee: Spear             ||    20
       Bite              ||     2
Throw: Dart              ||     2
  Use: Scroll            ||     3
 Stab: Sleeping          ||     1
Armor: Leather armour    ||     3
Dodge: Dodged            ||     7

Table legend: (Time is in decaauts)
 A = Elapsed time spent in this place.
 B = Non-inter-level travel time spent in this place.
 C = Inter-level travel time spent in this place.
 D = Time resting spent in this place.
 E = Time spent auto-exploring this place.
 F = Levels seen in this place.
 G = Mean time per level.
                   A        B        C        D        E       F      G
               +--------+--------+--------+--------+--------+-----+--------+
         Total |    300 |    292 |      8 |     97 |      0 |   2 |  150.0 |
       Dungeon |    285 |    284 |      1 |     97 |      0 |   1 |  285.0 |
        Temple |     14 |      7 |      7 |      0 |      0 |   1 |   14.0 |
               +--------+--------+--------+--------+--------+-----+--------+

Top non-repeatable levels by time:
     D:5: 285 daAuts
  Temple: 14 daAuts
